 Dungeon Crawl Stone Soup version 0.29.1-15-g9cfb28693d (console) character file.

Game seed: 4564277688155799192

63 om the Grave Robber (level 3, -16/24 HPs)
             Began as a Vampire Necromancer on Apr 27, 2023.
             Demolished by an ogre
             ... wielding a +0 giant club
              (24 damage)
             ... on level 4 of the Dungeon.
             The game lasted 00:05:28 (1327 turns).

om the Grave Robber (Vampire Necromancer)           Turns: 1327, Time: 00:05:29

Health: -16/24     AC:  3    Str:  7    XL:     3   Next: 89%
Magic:  0/6        EV: 12    Int: 19    God:
Gold:   28         SH:  0    Dex: 14    Spells: 5/6 levels left

rFire   . . .      SeeInvis +   m - staff of death
rCold   . . .      Faith    .   (no shield)
rNeg    + . .      Spirit   .   a - +0 robe
rPois   .          Reflect  .   (no helmet)
rElec   .          Harm     .   (no cloak)
rCorr   .          Rampage  .   (no gloves)
Will    .....                   n - +0 pair of boots
Stlth   ++........              (no amulet)
HPRegen 0.28/turn               (no ring)
MPRegen 0.10/turn               (no ring)

@: healing quickly
A: alive, fangs 3, see invisible, vampiric 2
a: Exsanguinate


You were on level 4 of the Dungeon.
You visited 1 branch of the dungeon, and saw 3 of its levels.

You collected 28 gold pieces.

Inventory:

Hand Weapons
 e - a +0 dagger
Armour
 a - a +0 robe (worn)
 n - a +0 pair of boots (worn)
Magical Staves
 m - a staff of death (weapon)
Scrolls
 c - a scroll of teleportation
 d - a scroll of brand weapon {unknown}
 i - a scroll of enchant weapon
 k - a scroll of enchant armour
Potions
 b - a potion of magic
 f - 2 potions of berserk rage
 g - a potion of ambrosia {unknown}
 h - 2 potions of haste {unknown}
 j - a potion of lignification {unknown}
 l - 2 potions of heal wounds {unknown}


   Skills:
 + Level 0.5 Staves
 + Level 2.8 Dodging
 + Level 3.4 Stealth
 + Level 2.4 Spellcasting
 + Level 5.0 Necromancy
 + Level 0.7 Evocations


You had 5 spell levels left.
You knew the following spells:

 Your Spells              Type           Power      Damage    Failure   Level
a - Necrotise             Necr           100%       1d9       1%          1

Your spell library contained the following spells:

 Spells                   Type           Power      Damage    Failure   Level
 Sublimation of Blood     Necr           32%        N/A       3%          2
 Vampiric Draining        Necr           32%        2d8       6%          3
 Animate Dead             Necr           32%        N/A       21%         4
 Wereblood                Tmut           2%         N/A       24%         2
 Agony                    Necr           32%        N/A       50%         5
 Summon Hydra             Summ           1%         N/A       100%        7


Dungeon Overview and Level Annotations

Branches:
Dungeon (2/15)

Altars:


Innate Abilities, Weirdness & Mutations

Your natural rate of healing is accelerated.
You have razor-sharp teeth.
You have supernaturally acute eyesight. (SInv)
You are afflicted with vampirism and can become a bat while bloodless.


Message History

The ogre shouts!
The dead are walking!
Your Necromancy skill increases to level 5!
What are your orders? t - Shout!
Orders for allies: a - Attack new target. r - Retreat! s - Stop attacking. g - Guard the area. f - Follow me.
Anything else - Cancel.
Gang up on whom?
Press: ? - help, Dir - move target, f - ogre
Aim: an ogre, wielding a +0 giant club (ally target) Attack!
Your hound skeleton bites the ogre.
The ogre hits your hound skeleton with a +0 giant club.
Your hound skeleton barely misses the ogre.
Your hound skeleton bites the ogre.
The ogre hits your hound skeleton with a +0 giant club!!
Your hound skeleton is destroyed!
You open the door.
There is an open door here.
You see here a +0 club.
You feel a surge of power!
The ogre writhes in agony.
You feel a surge of power!
The ogre barely resists.
You feel a surge of power!
The ogre writhes in agony.
You feel a surge of power!
The ogre writhes in agony!
You feel a surge of power!
The ogre writhes in agony.
The ogre hits you with a +0 giant club!
Ouch! That really hurt!
You are too injured to fight recklessly!
You closely miss the ogre. You bite the ogre, but do no damage.
The ogre is severely wounded.
You are too injured to fight recklessly!
Aiming: Necrotise (safe; 1% risk of failure)
Press: ? - help, Q - select action Shift-Dir - straight line, f/p - ogre
Aim: an ogre, wielding a +0 giant club (severely wounded, chance to affect: 83%)
You feel a surge of power!
The ogre barely resists.
The ogre hits you with a +0 giant club!!
Ouch! That really hurt!
You die...

#..........#..O...#
#.##..######......#####.
#.###.## #............
#.# #.O##......#.######.
#.# ##..#......#.# #.#
##.#......#.# #.
#.#......#.#
#g#####.####+###.####...
..........##...O@.......
..........)...##.#######
.....^........##'#
.........#.##.#...
.........#....+...#
.........######...#
####.###.# ##... #. #.#
#... # #.


You could see an ogre.

Vanquished Creatures
  A hound (D:4)
  An adder (D:2)
  A dart slug (D:1)
  2 endoplasms
  2 giant cockroaches
  2 goblins
  A hobgoblin (D:1)
  3 quokkas
  4 ball pythons
  A bat (D:1)
  3 kobolds
  2 rats
23 creatures vanquished.

Notes
Turn   | Place    | Note
-------+----------+-------------------------------------------
     0 | D:1      | om the Vampire Necromancer began the quest for the Orb.
     0 | D:1      | Reached XP level 1. HP: 13/13 MP: 3/3
    50 | D:1      | Found a faded altar of an unknown god.
   273 | D:1      | Reached XP level 2. HP: 18/19 MP: 0/5
  1165 | D:2      | You fall into a shaft and drop 2 floors!
  1171 | D:4      | Gained mutation: You are afflicted with vampirism and can
                  | become a bat while bloodless. [Vampire growth]
  1171 | D:4      | Reached XP level 3. HP: 24/24 MP: 3/6
  1285 | D:4      | Noticed an ogre
  1287 | D:4      | Reached skill level 5 in Necromancy
  1327 | D:4      | Demolished by an ogre

Illustrated notes

Levels and vault maps discovered:
D:1:      dpeg_arrival_central, layout_basic, dreamdust_ecumenical_altar_statues
D:2:      layout_basic, basic_altar, minivault_14, minmay_tall_x
D:4:      layout_basic, nicolae_ru_awakened_eye, serial_shops,
          nicolae_stop_n_shop_2

Skill      XL: |  1  2  3 |
---------------+----------+-----
Necromancy     | 5 |  5.0
Staves         | |  0.5
Dodging        | |  2.8
Stealth        | |  3.4
Spellcasting   | |  2.4
Evocations     | |  0.7

Action                   || total
-------------------------++-------
Melee: Unarmed           ||     5
       Staff             ||    11
       Bite              ||     1
 Cast: Necrotise         ||    39
  Use: Scroll            ||     4
 Stab: Distracted        ||     1
Armor: Robe              ||     6
Dodge: Dodged            ||    14
